 Dungeon Crawl Stone Soup version 0.31-b1-17-gcfd88c8481 (webtiles) character file.

Game seed: 7531678237198936872

601 PaiMei the Grave Robber (level 7, 0/51 HPs)
             Began as a Demonspawn Necromancer on Jan 15, 2024.
             Slain by an elf zombie (4 damage)
             ... in an ossuary.
             The game lasted 00:06:48 (5143 turns).

PaiMei the Grave Robber (Demonspawn Necromancer)    Turns: 5143, Time: 00:06:48

Health: 0/51       AC:  2    Str:  8    XL:     7   Next: 18%
Magic:  11/13      EV: 13    Int: 22    God:
Gold:   177        SH:  0    Dex: 13    Spells: 10/14 levels left

rFire   . . .        q - +1 club (spect)
rCold   . . .        (no shield)
rNeg    . . .        a - +0 robe
rPois   .            (helmet restricted)
rElec   .            (no cloak)
rCorr   .            (no gloves)
SInv    .            (no boots)
Will    .....        (no amulet)
Stlth   ++           (no ring)
HPRegen 0.28/turn    (no ring)
MPRegen 0.13/turn

%: no passive effects
@: no status effects
A: horns 1, spiny 1, big brain 2, demonic magic 2
a: no special abilities


You were in an ossuary.
You visited 1 branch of the dungeon, and saw 5 of its levels.
You also visited: Ossuary.

You collected 177 gold pieces.

Inventory:

Hand Weapons
 f - a +0 falchion
 l - a +1 dagger of venom
 q - a +1 spectral club (weapon)
Armour
 a - a +0 robe (worn)
Scrolls
 d - 7 scrolls of identify {unknown}
 g - a scroll of amnesia {unknown}
 h - a scroll of brand weapon {unknown}
 i - a scroll of enchant weapon {unknown}
 k - a scroll of noise {unknown}
 n - 2 scrolls of revelation {unknown}
 o - a scroll of enchant armour {unknown}
 p - a scroll of teleportation {unknown}
 r - a scroll of immolation {unknown}
 s - a scroll of poison {unknown}
Potions
 b - 2 potions of magic
 c - a potion of haste {unknown}
 e - 2 potions of degeneration {unknown}
 j - 4 potions of curing {unknown}
 m - 2 potions of heal wounds {unknown}
 t - a potion of cancellation {unknown}


   Skills:
 + Level 2.6 Fighting
 + Level 3.9 Dodging
 - Level 3.0 Stealth
 + Level 4.0 Spellcasting
 + Level 6.1 Necromancy


You had 10 spell levels left.
You knew the following spells:

 Your Spells              Type           Power      Damage    Failure   Level
a - Necrotise             Necr           100%       1d9       1%          1
b - Vampiric Draining     Necr           31%        2d8       2%          3

Your spell library contained the following spells:

 Spells                   Type           Power      Damage    Failure   Level
 Animate Dead             Necr           31%        N/A       9%          4
 Apportation              Tloc           8%         N/A       11%         1
 Sting                    Conj/Alch      16%        1d4       11%         1
 Summon Small Mammal      Summ           16%        N/A       11%         1
 Ensorcelled Hibernation  Hex/Ice        8%         N/A       17%         2
 Curse of Agony           Necr           31%        N/A       26%         5
 Passwall                 Erth           4%         N/A       32%         3
 Swiftness                Air            4%         N/A       32%         3


Dungeon Overview and Level Annotations

Branches:
Dungeon (5/15)            Ossuary (1/1)
 Temple: D:4-7

Altars:

Shops:
D:2 =   D:3 ?


Innate Abilities, Weirdness & Mutations

You have a pair of small horns on your head.
You are partially covered in sharp spines.
You have an extremely huge brain. (Int +4)
Spells you cast may paralyse nearby enemies.


Message History

* * * LOW HITPOINT WARNING * * *
The gnoll zombie is struck by your spines.
The gnoll zombie closely misses you.
You closely miss the elf zombie.
The elf zombie is heavily damaged.
Your +1 spectral club hits the elf zombie.
The elf zombie barely misses your +1 spectral club.
The gnoll zombie is struck by your spines.
The gnoll zombie barely misses you.
You barely miss the elf zombie. You headbutt the elf zombie.
The elf zombie is heavily damaged.
Your +1 spectral club barely misses the elf zombie.
The elf zombie misses you. The gnoll zombie hits you.
* * * LOW HITPOINT WARNING * * *
You closely miss the elf zombie.
The elf zombie is heavily damaged.
Your +1 spectral club hits the elf zombie.
The elf zombie is struck by your spines.
The elf zombie closely misses you. The gnoll zombie misses you.
You hit the elf zombie.
The elf zombie is severely damaged.
Your +1 spectral club hits the elf zombie.
The elf zombie barely misses your +1 spectral club.
The gnoll zombie is struck by your spines.
The gnoll zombie hits you.
* * * LOW HITPOINT WARNING * * *
You closely miss the elf zombie. You headbutt the elf zombie.
The elf zombie is severely damaged.
Your +1 spectral club hits the elf zombie.
The elf zombie hits your +1 spectral club but does no damage.
The gnoll zombie hits you.
* * * LOW HITPOINT WARNING * * *
Your +1 spectral club disappears.
The gnoll zombie attacks as it pursues you!
The gnoll zombie is struck by your spines.
You destroy the gnoll zombie!
A mummy comes into view.
The elf zombie attacks as it pursues you!
The elf zombie hits you.
You die...

#####################
.......ZM.∩..........
.......ZZ.Z.Z........
#+.........#####@.......
..........M.............
.......................M
....##...........Z...##.
....##...............#
.......................
#......................
#.....................
#..........∩.......


You could see 3 mummies, a goblin zombie, a kobold zombie, 2 elf zombies and 2
human zombies.

Vanquished Creatures
  A centaur (D:5)
  An ogre (D:4)
  A phantom (D:3)
  A hound (D:4)
  2 orc priests (D:3)
  Jessica (D:3)
  An iguana (D:4)
  2 orc wizards
  A hound zombie (Ossuary)
  4 adders
  3 dart slugs
  2 ribbon worms (D:2)
  15 orcs
  9 ball pythons
  4 endoplasms
  3 giant cockroaches
  9 goblins
  8 hobgoblins
  9 kobolds
  5 quokkas
  A bat (D:2)
  A frilled lizard (D:1)
  A gnoll zombie (Ossuary)
  2 jackal zombies
  A kobold zombie (Ossuary)
  An orc zombie (Ossuary)
  7 rats
  A rat zombie (Ossuary)
97 creatures vanquished.

Vanquished Creatures (collateral kills)
  An endoplasm (D:2)
  A goblin (D:2)
  A rat (D:2)
3 creatures vanquished.

Grand Total: 100 creatures vanquished

Notes
Turn   | Place    | Note
-------+----------+-------------------------------------------
     0 | D:1      | PaiMei the Demonspawn Necromancer began the quest for the
                  | Orb.
     0 | D:1      | Reached XP level 1. HP: 13/13 MP: 3/3
   326 | D:1      | Gained mutation: Spells you cast may paralyse adjacent
                  | enemies. [demonic ancestry]
   326 | D:1      | Reached XP level 2. HP: 19/19 MP: 1/5
  1321 | D:2      | Gained mutation: You are partially covered in sharp spines.
                  | [demonic ancestry]
  1321 | D:2      | Reached XP level 3. HP: 18/24 MP: 0/6
  1457 | D:2      | Found Sic Mahao's Jewellery Shop.
  1980 | D:2      | Gained mutation: You have an unusually large brain. (Int
                  | +2) [demonic ancestry]
  1980 | D:2      | Reached XP level 4. HP: 25/30 MP: 1/7
  2676 | D:3      | Reached skill level 5 in Necromancy
  2781 | D:3      | Gained mutation: Spells you cast may paralyse nearby
                  | enemies. [demonic ancestry]
  2781 | D:3      | Reached XP level 5. HP: 18/35 MP: 2/9
  2787 | D:3      | Learned a level 3 spell: Vampiric Draining
  2916 | D:3      | Found Ableeg's Magic Scroll Shop.
  2923 | D:3      | Noticed a phantom
  3136 | D:3      | Found a faded altar of an unknown god.
  3355 | D:3      | Noticed Jessica
  3372 | D:3      | Killed Jessica
  3487 | D:3      | Killed a phantom
  3488 | D:3      | Reached skill level 1 in Fighting
  3488 | D:3      | Gained mutation: You have an extremely huge brain. (Int +4)
                  | [demonic ancestry]
  3488 | D:3      | Reached XP level 6. HP: 13/43 MP: 9/11
  5062 | D:5      | Entered Level 5 of the Dungeon
  5068 | D:5      | Found a sand-covered staircase.
  5081 | D:5      | Reached skill level 6 in Necromancy
  5081 | D:5      | Gained mutation: You have a pair of small horns on your
                  | head. [demonic ancestry]
  5081 | D:5      | Reached XP level 7. HP: 51/51 MP: 2/13
  5088 | Ossuary  | Entered an ossuary
  5143 | Ossuary  | Slain by an elf zombie

Illustrated notes

Levels and vault maps discovered:
D:1:      kennysheep_arrival_seaside, layout_basic, reono_crystal_passage,
          minmay_misc_feat_tower
D:2:      layout_rooms, serial_shops, nicolae_shop_peninsula,
          kennysheep_generic_room_2
D:3:      layout_loops_ring, serial_shops, shop, nicolae_ecumenical_lake_church,
          uniq_jessica
D:4:      layout_loops_cross
D:5:      layout_rooms, mainiacjoe_overflow_six_doors_small,
          lemuel_coloured_pillars_altar, minmay_temple_entry_statues_fountains,
          enter_ossuary_3
Ossuary:  ossuary_minmay_tomb_2a

Skill      XL: |  1  2  3  4  5  6 |
---------------+-------------------+-----
Dodging        | 2 3 |  3.9
Stealth        | 2 3 |  3.0
Necromancy     | 5 6 |  6.1
Spellcasting   | 3 4 |  4.0
Fighting       | 1 2 |  2.6

Action                     |  1- 3 |  4- 6 |  7- 9 || total
---------------------------+-------+-------+-------++-------
  Melee: Dagger            |     4 |    20 |     6 ||    30
         Club              |       |       |    11 ||    11
         Headbutt          |       |       |     6 ||     6
   Cast: Necrotise         |    78 |    94 |       ||   172
         Vampiric Draining |       |     3 |       ||     3
   Stab: Paralysed         |     1 |     2 |     1 ||     4
 Armour: Robe              |     6 |    21 |    31 ||    58
  Dodge: Dodged            |     7 |    15 |    21 ||    43
